 Dungeon Crawl Stone Soup version 0.28-a0-1199-gef9e1dbd39 (webtiles) character file.

Game seed: 10829249215452578506

55 ytrimaz the Insei (level 3, -3/23 HPs)
             Began as an Octopode Transmuter on Dec 19, 2021.
             Slain by a hobgoblin (4 damage)
             ... led by Robin
             ... on level 3 of the Dungeon.
             The game lasted 00:02:35 (1993 turns).

ytrimaz the Insei (Octopode Transmuter)             Turns: 1993, Time: 00:02:35

Health: -3/23      AC:  1    Str:  9    XL:     3   Next: 93%
Magic:  15/15      EV: 13    Int: 17    God:
Gold:   76         SH:  0    Dex: 12    Spells: 1/7 levels left

rFire   . . .      SeeInvis .     - Unarmed
rCold   . . .      Faith    .   (no shield)
rNeg    . . .      Spirit   .   (helmet restricted)
rPois   .          Reflect  .   (no amulet)
rElec   .          Harm     .   d - ring of magical power
rCorr   .          Rampage  .   (no ring)
Will    .....                   (no ring)
Stlth   ++........              (no ring)
HPRegen 0.07/turn               (no ring)
MPRegen 0.14/turn               (no ring)
                                (no ring)
                                (no ring)

@: confused
A: almost no armour, amphibious, 8 rings, camouflage 1, gelatinous body 1,
(nimble swimmer 1), tentacles
a: no special abilities


You were on level 3 of the Dungeon.
You visited 1 branch of the dungeon, and saw 3 of its levels.

You collected 76 gold pieces.

Inventory:

Jewellery
 d - a ring of magical power (left tentacle)
Scrolls
 a - a scroll of torment {unknown}
 b - a scroll of acquirement
 c - a scroll of amnesia {unknown}


   Skills:
 * Level 1.5 Fighting
 - Level 2.2 Dodging
 + Level 3.5 Unarmed Combat
 * Level 2.6 Spellcasting
 * Level 2.4 Transmutations
 * Level 0.7 Poison Magic


You had one spell level left.
You knew the following spells:

 Your Spells              Type           Power      Damage    Failure   Level
a - Beastly Appendage     Tmut           20%        N/A       7%          1
b - Wereblood             Tmut           10%        N/A       11%         2
c - Spider Form           Tmut/Pois      7%         N/A       28%         3

Your spell library contained the following spells:

 Spells                   Type           Power      Damage    Failure   Level
 Passwall                 Tmut/Erth      5%         N/A       17%         2
 Static Discharge         Conj/Air       2%         N/A       28%         2
 Swiftness                Air            2%         N/A       50%         3
 Ice Form                 Ice/Tmut       6%         N/A       73%         4
 Dispel Undead            Necr           2%         3d7       88%         4
 Sticky Flame             Conj/Fire      2%         2d3       88%         4


Dungeon Overview and Level Annotations

Branches:
Dungeon (3/15)

Altars:

Annotations:
D:3 Natasha, Robin, Sigmund


Innate Abilities, Weirdness & Mutations

You cannot wear most types of armour.
You are amphibious.
You can wear up to eight rings at the same time.
Your skin changes colour to match your surroundings (Stealth+).
Your rubbery body absorbs attacks. (AC +1, EV +1)
((You are camouflaged near water. (Stealth+)))
You have tentacles for arms and can constrict up to eight enemies at once.


Message History

There is a stone staircase leading down here.
You climb downwards.
Level annotation: Natasha Robin shouts!
The goblin shouts!
The hobgoblin shouts!
The goblin shouts!
Sigmund shouts!
Robin roars a battlecry!
The goblins go into a battle-frenzy!
Sigmund casts a spell at you.
You are confused.
The goblin shouts!
The ball python hisses angrily.
You hear a shout!
Found 16 stones and a potion of curing.
Found a stone staircase leading down.
There is a stone staircase leading up here.
Unknown command.
The goblin shouts!
The hobgoblin shouts!
Robin throws the goblin at you! The goblin hits you with a +0 dagger.
In your confused state, you trip and fall back down the stairs.
The ball python barely misses you. The ball python closely misses you.
The goblin barely misses you.
Unknown command.
Unknown command.
Unknown command.
The ball python bites you. The ball python barely misses you.
The goblin hits you with a +0 dagger. The hobgoblin hits you.
The ball python closely misses you. The ball python completely misses you.
In your confused state, you trip and fall back down the stairs.
The goblin hits you with a +0 dagger.
* * * LOW HITPOINT WARNING * * *
The hobgoblin misses you. The goblin barely misses you.
The ball python closely misses you. The ball python grabs you.
The ball python constricts you.
* * * LOW HITPOINT WARNING * * *
Unknown command.
Unknown command.
You aren't carrying any potions.
You aren't carrying any potions.
You escape the ball python's grasp.
The goblin closely misses you.
Sigmund hits you from afar with a +0 scythe.
* * * LOW HITPOINT WARNING * * *
The goblin barely misses you. The hobgoblin hits you.
You die...

#.......#
#......>#
#.......#
#.......#
#g.g....#
#.####gg.g....
#....gSgg.....
#..g@g......
#..(....g....!.
..######.@.....
....... .......
....... .......
######.


You could see Sigmund, Robin, 2 hobgoblins, 8 goblins and a ball python.

Vanquished Creatures
  An adder (D:2)
  A worm (D:2)
  A dart slug (D:2)
  A ball python (D:1)
  3 bats
  3 endoplasms
  2 giant cockroaches
  5 hobgoblins
  3 jackals (D:1)
  7 kobolds
  A frilled lizard (D:1)
  6 goblins
  2 rats
36 creatures vanquished.

Notes
Turn   | Place    | Note
-------+----------+-------------------------------------------
     0 | D:1      | ytrimaz the Octopode Transmuter began the quest for the
                  | Orb.
     0 | D:1      | Reached XP level 1. HP: 13/13 MP: 3/3
   304 | D:1      | Reached XP level 2. HP: 18/18 MP: 3/5
   307 | D:1      | Learned a level 2 spell: Wereblood
   479 | D:1      | Identified a scroll of acquirement
   861 | D:1      | Found a faded altar of an unknown god.
   863 | D:1      | Reached XP level 3. HP: 23/23 MP: 4/6
   867 | D:1      | Learned a level 3 spell: Spider Form
  1950 | D:3      | Noticed Natasha
  1988 | D:3      | Noticed Sigmund
  1988 | D:3      | Noticed Robin
  1993 | D:3      | HP: 1/23 [Sigmund (1)]
  1993 | D:3      | Slain by a hobgoblin

Illustrated notes

Levels and vault maps discovered:
D:1:      lightli_arrival_chessboard, layout_rooms,
          hellmonk_ecumenical_altar_blasted, kennysheep_boxes
D:2:      layout_rooms, minmay_misc_feat_rows
D:3:      layout_rooms, serial_aquarium, aquarium_bridge_straight
          [aquarium_subvault_bridge, aquarium_subvault_window,
          aquarium_subvault_bridge, aquarium_subvault_wall],
          aquarium_bridge_straight [aquarium_subvault_bridge,
          aquarium_subvault_window, aquarium_subvault_bridge,
          aquarium_subvault_wall], aquarium_window_1, aquarium_window_2,
          aquarium_window_fake, aquarium_window_corridor_1, aquarium_view_2a,
          aquarium_pool_2, serial_shops, nicolae_shop_waterfront,
          amcnicky_mini_pool_small, uniq_natasha, uniq_sigmund, uniq_robin,
          uniq_ijyb

Action                   || total
-------------------------++-------
Melee: Unarmed           ||    96
       Kick              ||    13
       Constrict         ||    23
       Tentacles         ||    11
 Cast: Beastly Appendage ||    20
       Wereblood         ||     1
  Use: Potion            ||     1
       Scroll            ||     2
 Stab: Sleeping          ||     4
Armor: Skin              ||    10
Dodge: Dodged            ||    86

Table legend: (Time is in decaauts)
 A = Elapsed time spent in this place.
 B = Non-inter-level travel time spent in this place.
 C = Inter-level travel time spent in this place.
 D = Time resting spent in this place.
 E = Time spent auto-exploring this place.
 F = Levels seen in this place.
 G = Mean time per level.
                   A        B        C        D        E       F      G
               +--------+--------+--------+--------+--------+-----+--------+
         Total |   1987 |   1930 |     57 |    213 |   1376 |   3 |  662.3 |
       Dungeon |   1987 |   1930 |     57 |    213 |   1376 |   3 |  662.3 |
               +--------+--------+--------+--------+--------+-----+--------+

Top non-repeatable levels by time:
     D:1: 1042 daAuts
     D:2: 931 daAuts
     D:3: 13 daAuts
